 Dungeon Crawl Stone Soup version 0.31-a0-931-g7b59d4eb97 (webtiles) character file.

Game seed: 14075370433072677485

294 miscthings the Charlatan (level 6, -5/47 HPs)
             Began as a Gnoll Artificer on Oct 20, 2023.
             Slain by an orc priest
             ... wielding a +0 quarterstaff
              (7 damage)
             ... on level 3 of the Dungeon.
             The game lasted 00:02:43 (1718 turns).

miscthings the Charlatan (Gnoll Artificer)          Turns: 1718, Time: 00:02:44

Health: -5/47      AC:  7    Str: 13    XL:     6   Next: 34%
Magic:  9/9        EV: 10    Int: 11    God:
Gold:   154        SH:  0    Dex: 18    Spells: 9/9 levels left

rFire   . . .        j - +1 short sword (drain)
rCold   . . .        (no shield)
rNeg    . . .        n - +0 scale mail
rPois   .            (no helmet)
rElec   .            (no cloak)
rCorr   .            (no gloves)
SInv    .            (no boots)
Will    .....        (no amulet)
Stlth   +            t - +6 ring of dexterity
HPRegen 0.27/turn    (no ring)
MPRegen 0.11/turn

%: no passive effects
@: no status effects
A: fangs 1, strong nose, distributed training
a: no special abilities


You were on level 3 of the Dungeon.
You visited 1 branch of the dungeon, and saw 3 of its levels.

You collected 154 gold pieces.

Inventory:

Hand Weapons
 j - a +1 short sword of draining (weapon)
Armour
 b - a +0 leather armour
 n - a +0 scale mail (worn)
 v - a +2 robe of cold resistance
Jewellery
 t - a +6 ring of dexterity (left hand)
Wands
 c - a wand of flame (10) (quivered)
 d - a wand of charming (13)
 e - a wand of iceblast (5)
Scrolls
 f - 2 scrolls of fog {unknown}
 g - a scroll of enchant weapon {unknown}
 h - 2 scrolls of teleportation {unknown}
 k - a scroll of fear {unknown}
 l - 2 scrolls of enchant armour {unknown}
 o - a scroll of amnesia {unknown}
 p - a scroll of identify {unknown}
 u - a scroll of immolation {unknown}
Potions
 a - 2 potions of ambrosia {unknown}
 i - a potion of magic {unknown}
 m - a potion of mutation {unknown}
 q - a potion of attraction {unknown}
 r - a potion of lignification {unknown}
 s - a potion of curing {unknown}
 w - a potion of berserk rage {unknown}


   Skills:
 + Level 3.2 Fighting
 + Level 2.0 Short Blades
 + Level 2.0 Long Blades
 + Level 2.0 Axes
 + Level 2.0 Maces & Flails
 + Level 2.0 Polearms
 + Level 2.0 Staves
 + Level 2.0 Ranged Weapons
 + Level 2.0 Throwing
 + Level 5.0 Armour
 + Level 3.2 Dodging
 + Level 3.1 Stealth
 + Level 2.0 Shields
 + Level 2.0 Unarmed Combat
 + Level 2.0 Spellcasting
 + Level 1.5 Conjurations
 + Level 1.5 Hexes
 + Level 1.5 Summonings
 + Level 1.5 Necromancy
 + Level 1.5 Translocations
 + Level 1.5 Transmutations
 + Level 1.5 Fire Magic
 + Level 1.5 Ice Magic
 + Level 1.5 Air Magic
 + Level 1.5 Earth Magic
 + Level 1.5 Poison Magic
 + Level 2.1 Invocations
 + Level 6.8 Evocations
 + Level 1.7 Shapeshifting


You had 9 spell levels left.
You didn't know any spells.
Your spell library contained the following spells:

 Spells                   Type           Power      Damage    Failure   Level
 Inner Flame              Hex/Fire       4%         N/A       89%         3
 Flame Wave               Conj/Fire      4%         2d5       100%        4
 Sticky Flame             Conj/Fire      4%         2d3       100%        4


Dungeon Overview and Level Annotations

Branches:
Dungeon (3/15)

Altars:
Elyvilon


Innate Abilities, Weirdness & Mutations

You have very sharp teeth.
Your uncanny sense of smell can sniff out nearby items.
Your experience applies equally to all skills.


Message History

The orc priest shouts!
The orc misses you.
Things that are here:
a +0 hand axe; a +0 ring mail; an orc corpse You hit the orc.
You drain the orc. You bite the orc.
The orc is heavily wounded.
The orc hits you but does no damage.
You hit the orc.
You kill the orc!
The orc priest calls down the wrath of Beogh upon you.
Beogh smites you!
There is an escape hatch in the ceiling here.
The orc priest calls down the wrath of Beogh upon you.
Beogh smites you!
The orc priest hits you with a +0 quarterstaff!
* * * LOW HITPOINT WARNING * * *
You barely miss the orc priest. The orc priest closely misses you.
You hit the orc priest. You drain the orc priest.
The orc priest is moderately wounded.
The orc priest hits you but does no damage.
You hit the orc priest. Your bite misses the orc priest.
The orc priest is severely wounded.
The orc priest barely misses you.
You closely miss the orc priest.
You bite the orc priest, but do no damage.
The orc priest is severely wounded.
The orc priest barely misses you.
You barely miss the orc priest.
You bite the orc priest, but do no damage.
The orc priest is severely wounded.
The orc priest calls down the wrath of Beogh upon you.
Beogh smites you!
* * * LOW HITPOINT WARNING * * *
Aiming: Throw Flame
Press: ? - help, Shift-Dir - straight line, f - orc priest
Aim: an orc priest, wielding a +0 quarterstaff (severely wounded, heavily drained, 74% to hit)
The puff of flame hits the orc priest.
The orc priest is almost dead.
The orc priest hits you with a +0 quarterstaff!
You die...

≈≈~≈≈≈≈≈≈≈≈~~....~~≈≈
~~~~~~~~~≈~~~....~~~~
~.~~~~~~~~~.......~.~
....................
......... ........
...#########....# #
.....#....##.)..# .#
.....#....##()<.##.#####
.............)..@o......
.....#....)..##..#######
.....#.......#....#
÷.####.......#......
.....+.#.#...#........
#.####.#.#...#####.....
#.######.###### .....
##.....#......# .....
.......######.#


You could see an orc priest (very drained).

Vanquished Creatures
  Sigmund (D:2)
  Jessica (D:2)
  Terence (D:3)
  2 gnolls (D:2)
  2 adders
  A dart slug (D:3)
  4 orcs (D:3)
  An endoplasm (D:2)
  A giant cockroach (D:1)
  3 goblins (D:1)
  3 hobgoblins
  4 kobolds
  4 quokkas
  4 ball pythons
  8 rats
40 creatures vanquished.

Vanquished Creatures (collateral kills)
  A gnoll (D:2)
1 creature vanquished.

Vanquished Creatures (others)
  A gnoll (D:2)
1 creature vanquished.

Grand Total: 42 creatures vanquished

Notes
Turn   | Place    | Note
-------+----------+-------------------------------------------
     0 | D:1      | miscthings the Gnoll Artificer began the quest for the Orb.
     0 | D:1      | Reached XP level 1. HP: 17/17 MP: 1/1
   278 | D:1      | Reached XP level 2. HP: 18/23 MP: 2/2
   825 | D:2      | Noticed Sigmund
   833 | D:3      | Reached XP level 3. HP: 22/28 MP: 3/3
   918 | D:3      | Found a white marble altar of Elyvilon.
   925 | D:3      | Noticed Terence
   932 | D:3      | Killed Terence
   933 | D:3      | Reached skill level 1 in Short Blades
   933 | D:3      | Reached skill level 1 in Long Blades
   933 | D:3      | Reached skill level 1 in Axes
   933 | D:3      | Reached skill level 1 in Maces & Flails
   933 | D:3      | Reached skill level 1 in Polearms
   933 | D:3      | Reached skill level 1 in Staves
   933 | D:3      | Reached skill level 1 in Ranged Weapons
   933 | D:3      | Reached skill level 1 in Throwing
   933 | D:3      | Reached skill level 1 in Shields
   933 | D:3      | Reached skill level 1 in Unarmed Combat
   933 | D:3      | Reached skill level 1 in Spellcasting
   933 | D:3      | Reached skill level 1 in Invocations
  1060 | D:2      | Noticed Jessica
  1068 | D:2      | Killed Jessica
  1069 | D:2      | Reached skill level 1 in Shapeshifting
  1069 | D:2      | Reached XP level 4. HP: 26/34 MP: 5/5
  1239 | D:2      | Reached skill level 1 in Conjurations
  1239 | D:2      | Reached skill level 1 in Hexes
  1239 | D:2      | Reached skill level 1 in Summonings
  1239 | D:2      | Reached skill level 1 in Necromancy
  1239 | D:2      | Reached skill level 1 in Translocations
  1239 | D:2      | Reached skill level 1 in Transmutations
  1239 | D:2      | Reached skill level 1 in Fire Magic
  1239 | D:2      | Reached skill level 1 in Ice Magic
  1239 | D:2      | Reached skill level 1 in Air Magic
  1239 | D:2      | Reached skill level 1 in Earth Magic
  1239 | D:2      | Reached skill level 1 in Poison Magic
  1286 | D:2      | Reached XP level 5. HP: 33/40 MP: 5/7
  1382 | D:2      | Killed Sigmund
  1383 | D:2      | Reached skill level 5 in Armour
  1383 | D:2      | Reached XP level 6. HP: 46/47 MP: 8/8
  1717 | D:3      | HP: 1/47 [orc priest/divine providence (11)]
  1718 | D:3      | Slain by an orc priest

Illustrated notes

Levels and vault maps discovered:
D:1:      nicolae_arrival_memento_mori, layout_loops_ring,
          grunt_decor_arrowhead, kennysheep_boxes
D:2:      layout_basic, uniq_sigmund, uniq_jessica
D:3:      minmay_goblin_kobold_castle, layout_basic, overflow_temple_1_default,
          nicolae_hepliaklqana_ecumenical_no_more, serial_co_window_serial,
          co_window_of_opportunity_a, co_window_paths_b, co_window_paths_b,
          co_window_corner_a, co_window_paths_a, co_window_corner_b,
          co_window_corner_b, co_window_unsneaky_path_b, co_window_corner_ca,
          glass_columns_b, glass_columns_a, uniq_terence, uniq_ijyb

Skill      XL: |  1  2  3  4  5  6 |
---------------+-------------------+-----
Short Blades   | 1 2 |  2.0
Long Blades    | 1 2 |  2.0
Axes           | 1 2 |  2.0
Maces & Flails | 1 2 |  2.0
Polearms       | 1 2 |  2.0
Staves         | 1 2 |  2.0
Ranged Weapons | 1 2 |  2.0
Throwing       | 1 2 |  2.0
Shields        | 1 2 |  2.0
Unarmed Combat | 1 2 |  2.0
Spellcasting   | 1 2 |  2.0
Invocations    | 1 2 |  2.1
Shapeshifting  | 1 |  1.7
Conjurations   | 1 |  1.5
Hexes          | 1 |  1.5
Summonings     | 1 |  1.5
Necromancy     | 1 |  1.5
Translocations | 1 |  1.5
Transmutations | 1 |  1.5
Fire Magic     | 1 |  1.5
Ice Magic      | 1 |  1.5
Air Magic      | 1 |  1.5
Earth Magic    | 1 |  1.5
Poison Magic   | 1 |  1.5
Fighting       | 3 |  3.2
Armour         | 5 |  5.0
Dodging        | 3 |  3.2
Stealth        | 3 |  3.1
Evocations     | |  6.8

Action                     |  1- 3 |  4- 6 || total
---------------------------+-------+-------++-------
  Melee: Club              |    51 |       ||    51
         Bite              |     4 |     8 ||    12
         Short sword       |    38 |    60 ||    98
  Evoke: Wand              |     3 |     4 ||     7
   Stab: Sleeping          |     1 |       ||     1
         Distracted        |       |     1 ||     1
 Armour: Leather armour    |    32 |       ||    32
         Scale mail        |    20 |    29 ||    49
  Dodge: Dodged            |    54 |    26 ||    80

Table legend: (Time is in decaauts)
 A = Elapsed time spent in this place.
 B = Non-inter-level travel time spent in this place.
 C = Inter-level travel time spent in this place.
 D = Time resting spent in this place.
 E = Time spent auto-exploring this place.
 F = Levels seen in this place.
 G = Mean time per level.
                   A        B        C        D        E       F      G
               +--------+--------+--------+--------+--------+-----+--------+
         Total |   1726 |   1687 |     39 |      0 |   1274 |   3 |  575.3 |
       Dungeon |   1726 |   1687 |     39 |      0 |   1274 |   3 |  575.3 |
               +--------+--------+--------+--------+--------+-----+--------+

Top non-repeatable levels by time:
     D:2: 743 daAuts
     D:1: 742 daAuts
     D:3: 240 daAuts
